 Dungeon Crawl Stone Soup version 0.31-a0-358-gac0dbeb3ab (webtiles) character file.

Game seed: 545691222006147400

2528 HallandMoats the Lightning Rod (level 9, -5/77 HPs)
             Began as a Demonspawn Fighter on July 25, 2023.
             Was a Follower of Qazlal.
             Slain by a boulder beetle (17 damage)
             ... on level 8 of the Dungeon on July 26, 2023.
             The game lasted 00:15:22 (7233 turns).

HallandMoats the Lightning Rod (Demonspawn Fighter) Turns: 7233, Time: 00:15:23

Health: -5/77      AC:  7    Str: 22    XL:     9   Next: 29%
Magic:  17/17      EV: 10    Int: 10    God:    Qazlal [*.....]
Gold:   407        SH:  6    Dex: 13    Spells: 8/8 levels left

rFire   + . .        w - +6 dagger of a Billion Portals {drain, rElec Str+2}
rCold   . . .        c - +0 buckler
rNeg    . . .        u - +1 ring mail {rF+}
rPois   .            (helmet restricted)
rElec   +            (no cloak)
rCorr   .            (no gloves)
SInv    .            (no boots)
Will    +....        (no amulet)
Stlth   +            o - ring of flight
HPRegen 0.32/turn    f - ring of willpower
MPRegen 0.15/turn

%: no passive effects
@: flying
A: antennae 1, foul stench 2, sharp scales 1, demonic magic 3
a: Renounce Religion


You were on level 8 of the Dungeon.
You worshipped Qazlal.
Qazlal was aware of your devotion.
You visited 2 branches of the dungeon, and saw 9 of its levels.

You collected 407 gold pieces.

Inventory:

Hand Weapons
 a - a +1 whip of electrocution
 v - a +3 whip
 w - the +6 dagger of a Billion Portals (weapon) {drain, rElec Str+2}
   (You found it on level 7 of the Dungeon)

   Str:       It affects your strength (+2).
   rElec:     It insulates you from electricity.
 x - a +2 trident of protection
Armour
 c - a +0 buckler (worn)
 h - the +1 robe "Kaatiuku" {Str+3}
   (You found it on level 6 of the Dungeon)

   Str:       It affects your strength (+3).
 u - a +1 ring mail of fire resistance (worn)
Jewellery
 f - a ring of willpower (right hand)
 o - a ring of flight (left hand)
Wands
 l - a wand of flame (18)
 p - a wand of polymorph (8)
 r - a wand of iceblast (10)
Scrolls
 e - 2 scrolls of teleportation
 g - 2 scrolls of enchant weapon
 i - a scroll of enchant armour
 n - 3 scrolls of identify
 s - 3 scrolls of blinking
Potions
 b - a potion of degeneration {unknown}
 d - 4 potions of might
 j - 2 potions of curing
 k - 4 potions of brilliance
 m - a potion of enlightenment {unknown}
 q - a potion of lignification
 t - 3 potions of magic


   Skills:
 + Level 9.5 Fighting
 - Level 1.7 Maces & Flails
 - Level 2.6 Armour
 - Level 2.6 Shields
 + Level 11.5 Invocations


You had 8 spell levels left.
You didn't know any spells.
Your spell library contained the following spells:

 Spells                   Type           Power      Damage    Failure   Level
 Apportation              Tloc           0%         N/A       58%         1
 Kiss of Death            Conj/Necr      0%         2d5       58%         1
 Shock                    Conj/Air       0%         1d3       58%         1
 Confusing Touch          Hex            0%         N/A       92%         3
 Swiftness                Air            0%         N/A       92%         3
 Airstrike                Air            0%         2d(0-16)  100%        4
 Dispel Undead            Necr           0%         3d6       100%        4
 Alistair's Intoxication  Tmut/Pois      0%         N/A       100%        5


Dungeon Overview and Level Annotations

Branches:
Dungeon (8/15)             Temple (1/1) D:5
   Lair: D:8-11

Altars:
Ashenzari
Dithmenos
Fedhas
Gozag
Hepliaklqana
Kikubaaqudgha
Makhleb
Nemelex Xobeh
Okawaru
Qazlal
Ru
Uskayaw
Vehumet
Wu Jian

Shops:
D:7 !


Innate Abilities, Weirdness & Mutations

You have a pair of small antennae on your head.
You sometimes emit foul miasma when damaged in melee.
You are partially covered in razor-sharp scales. (AC +1, Slay +1)
Spells you cast and wands you use may paralyse nearby enemies.


Message History

The orc warrior is poisoned.
The orc warrior seems to slow down.
You barely miss the orc warrior.
The orc warrior is lightly wounded.
The orc warrior is no longer moving slowly.
The orc warrior closely misses you.
You closely miss the orc warrior.
The orc warrior is lightly wounded.
The orc warrior hits you with a +0 hand axe!
You emit a cloud of foul miasma!
You barely miss the orc warrior.
The orc warrior is moderately wounded.
The orc warrior is engulfed in dark miasma.
The orc warrior looks even sicker.
The orc warrior seems to slow down.
You block the orc warrior's attack.
You hit the orc warrior but do no damage.
The orc warrior is heavily wounded.
The orc warrior is no longer moving slowly.
The orc warrior is engulfed in dark miasma.
The orc warrior looks even sicker.
You kill the orc warrior!
Qazlal accepts your kill. You block the boulder beetle's attack.
You puncture the boulder beetle! You drain the boulder beetle.
The boulder beetle is lightly wounded.
The boulder beetle bites you but does no damage.
You hit the boulder beetle. You drain the boulder beetle.
The boulder beetle is moderately wounded.
The boulder beetle bites you!
* * * LOW HITPOINT WARNING * * *
You completely miss the boulder beetle.
The boulder beetle is moderately wounded.
The boulder beetle bites you!
* * * LOW HITPOINT WARNING * * *
You emit a cloud of foul miasma!
You hit the boulder beetle. You drain the boulder beetle.
The boulder beetle is heavily wounded.
The boulder beetle is engulfed in dark miasma.
The boulder beetle is poisoned.
The boulder beetle seems to slow down.
The boulder beetle bites you!
You die...

#..#..##...## ##...
#.###..##..# #....
#.##.#.##..######....
##..#o°##...##..####..
#..###○.##.......##..>
#..##.#.##.......#....
#...##.##..#.........#
#.#..#B#...........###
#....@#............# #
###.#.#....##......# #
#####...#....##......###
#.......#....#.........)
#.<....###......#..#...#
#............B..###.#..#
##...#..##......# #...##
##..............###.....
#..#...................#


You could see a boulder beetle (poisoned, slow, drained).

Vanquished Creatures
  A steam dragon (D:7)
  A water moccasin (D:6)
  Duvessa (D:6)
  3 orc warriors
  A sky beast (D:6)
  4 black bears
  An ice beast (D:4)
  3 centaurs
  A gnoll sergeant (D:8)
  A bullfrog (D:7)
  A scorpion (D:4)
  Dowan (D:6)
  A howler monkey (D:6)
  4 hounds
  A jelly (D:7)
  5 orc priests
  A sleepcap (D:5)
  3 iguanas
  A gnoll bouda (D:5)
  7 orc wizards
  7 adders
  A shadow imp (D:7)
  A white imp (D:6)
  A worm (D:2)
  3 dart slugs (D:1)
  50 orcs
  10 endoplasms
  8 giant cockroaches
  9 goblins
  5 hobgoblins
  A jackal (D:1)
  2 quokkas
  6 ball pythons
  7 bats
  4 frilled lizards
  5 kobolds
  11 rats
173 creatures vanquished.

Vanquished Creatures (others)
  5 orcs (D:8)
5 creatures vanquished.

Grand Total: 178 creatures vanquished

Notes
Turn   | Place    | Note
-------+----------+-------------------------------------------
     0 | D:1      | HallandMoats the Demonspawn Fighter began the quest for the
                  | Orb.
     0 | D:1      | Reached XP level 1. HP: 18/18 MP: 1/1
    18 | D:1      | Reached skill level 1 in Invocations
    67 | D:1      | Gained mutation: You may rarely emit foul miasma when
                  | damaged in melee. [demonic ancestry]
    67 | D:1      | Reached XP level 2. HP: 24/24 MP: 1/3
   216 | D:1      | Reached skill level 2 in Invocations
   285 | D:1      | Found a faded altar of an unknown god.
   371 | D:1      | Gained mutation: You have a pair of small antennae on your
                  | head. [demonic ancestry]
   371 | D:1      | Reached XP level 3. HP: 29/29 MP: 4/4
   904 | D:2      | Reached skill level 3 in Invocations
   988 | D:2      | Gained mutation: Spells you cast may paralyse adjacent
                  | enemies. [demonic ancestry]
   988 | D:2      | Reached XP level 4. HP: 37/37 MP: 6/6
  1592 | D:3      | Noticed an orc warrior
  1669 | D:2      | Killed an orc warrior
  1670 | D:2      | Reached skill level 4 in Invocations
  1670 | D:2      | Reached XP level 5. HP: 18/43 MP: 6/8
  1692 | D:3      | Reached skill level 5 in Fighting
  1692 | D:3      | Reached skill level 5 in Invocations
  2529 | D:4      | Gained mutation: You sometimes emit foul miasma when
                  | damaged in melee. [demonic ancestry]
  2529 | D:4      | Reached XP level 6. HP: 37/51 MP: 8/10
  2727 | D:4      | Found a sacrificial altar of Ru.
  2729 | D:4      | Found an ornate altar of the Wu Jian Council.
  2824 | D:4      | Reached skill level 6 in Invocations
  3260 | D:5      | Entered Level 5 of the Dungeon
  3260 | D:5      | Noticed an ice beast
  3267 | D:4      | Gained mutation: You are partially covered in razor-sharp
                  | scales. (AC +1, Slay +1) [demonic ancestry]
  3267 | D:4      | Reached XP level 7. HP: 47/58 MP: 10/12
  3286 | D:4      | Reached skill level 7 in Invocations
  4073 | D:5      | Reached skill level 8 in Invocations
  4353 | D:5      | Found a staircase to the Ecumenical Temple.
  4361 | Temple   | Entered the Ecumenical Temple
  4427 | D:6      | Gained mutation: Spells you cast may paralyse nearby
                  | enemies. [demonic ancestry]
  4427 | D:6      | Reached XP level 8. HP: 67/67 MP: 14/14
  4443 | D:6      | Identified the +1 robe "Kaatiuku" {Str+3}
  4491 | D:6      | Reached skill level 9 in Invocations
  4541 | D:6      | HP: 3/68 [white imp/puff of frost (6)]
  4737 | D:6      | Found a stormy altar of Qazlal.
  4751 | D:6      | Found a blossoming altar of Fedhas.
  4798 | D:6      | Became a worshipper of Qazlal Stormbringer
  5216 | D:7      | Noticed Duvessa
  5219 | D:7      | Noticed Dowan
  5268 | D:6      | Killed Dowan
  5270 | D:6      | Killed Duvessa
  5426 | D:7      | Found an iron altar of Okawaru.
  5440 | D:7      | Reached skill level 10 in Invocations
  5643 | D:7      | Identified the +6 dagger of a Billion Portals {drain, rElec
                  | Str+2}
  5991 | D:7      | Found Qexobruv's Distillery.
  6750 | D:7      | Gained mutation: Spells you cast and wands you use may
                  | paralyse nearby enemies. [demonic ancestry]
  6750 | D:7      | Reached XP level 9. HP: 52/76 MP: 17/17
  6954 | D:8      | Reached skill level 11 in Invocations
  7002 | D:8      | Reached * piety under Qazlal
  7200 | D:8      | Noticed a boulder beetle
  7233 | D:8      | Slain by a boulder beetle

Illustrated notes

Levels and vault maps discovered:
D:1:      dpeg_arrival_pits, layout_loops_ring,
          nicolae_ecumenical_snake_handling, nrook_mini_backslash, st_stairs_3
D:2:      layout_basic, serial_bayou_pond_e
D:3:      layout_basic, amcnicky_altar_gilded, kennysheep_generic_room_3
D:4:      layout_loops_ring, grunt_temple_overflow_open
D:5:      layout_basic, minmay_temple_entry_proselytizer,
          nicolae_figureground_sparkle
D:6:      layout_rooms, grunt_temple_overflow_forces_of_nature
D:7:      layout_loops_ring, mainiacjoe_overflow_catwalk, serial_shops,
          nicolae_shop_tiny_statue_garden, roderic_roman_lattice, uniq_duvessa
D:8:      layout_cave_pools, tgw_sif, minmay_manual_macuahuitl
Temple:   eino_wide_crystal_templ

Skill      XL: |  1  2  3  4  5  6  7  8  9 |
---------------+----------------------------+-----
Invocations    | 1 2 3 4 5 6 8 10 11 | 11.5
Fighting       | 4 5 6 7 9 |  9.5
Maces & Flails | |  1.7
Armour         | |  2.6
Shields        | |  2.6

Action                     |  1- 3 |  4- 6 |  7- 9 || total
---------------------------+-------+-------+-------++-------
  Melee: Flail             |   103 |    15 |       ||   118
         Whip              |       |   139 |   264 ||   403
         Dagger            |       |       |    67 ||    67
    Use: Potion            |       |     2 |     6 ||     8
         Scroll            |       |       |    14 ||    14
 Armour: Scale mail        |    66 |    72 |    52 ||   190
         Robe              |       |       |    22 ||    22
         Ring mail         |       |       |    26 ||    26
         Skin              |       |       |     1 ||     1
  Dodge: Dodged            |    53 |    78 |   160 ||   291
  Block: Buckler           |    29 |    34 |    72 ||   135

Table legend: (Time is in decaauts)
 A = Elapsed time spent in this place.
 B = Non-inter-level travel time spent in this place.
 C = Inter-level travel time spent in this place.
 D = Time resting spent in this place.
 E = Time spent auto-exploring this place.
 F = Levels seen in this place.
 G = Mean time per level.
                   A        B        C        D        E       F      G
               +--------+--------+--------+--------+--------+-----+--------+
         Total |   7307 |   7164 |    143 |   1515 |   4003 |   9 |  811.9 |
       Dungeon |   7287 |   7144 |    143 |   1515 |   4003 |   8 |  910.9 |
        Temple |     19 |     19 |      0 |      0 |      0 |   1 |   19.0 |
               +--------+--------+--------+--------+--------+-----+--------+

Top non-repeatable levels by time:
     D:7: 1515 daAuts
     D:4: 1067 daAuts
     D:2: 959 daAuts
     D:6: 958 daAuts
     D:5: 904 daAuts
     D:1: 777 daAuts
     D:3: 753 daAuts
     D:8: 350 daAuts
  Temple: 19 daAuts
